 Dungeon Crawl Stone Soup version 0.22-a0-157-g169b76a (webtiles) character file.

1554 varam the Caller (level 8, -5/59 HPs)
             Began as a Gnoll Summoner on Feb 7, 2018.
             Was a Follower of Ashenzari.
             Slain by an ogre
             ... wielding a +0 giant club
              (15 damage)
             ... on level 6 of the Dungeon on Feb 8, 2018.
             The game lasted 00:29:19 (6745 turns).

varam the Caller (Gnoll Summoner)                   Turns: 6745, Time: 00:29:20

Health: -5/59      AC:  2    Str: 10    XL:     8   Next: 88%
Magic:  3/17       EV: 16    Int: 20    God:    Ashenzari [*.....]
Gold:   309        SH:  0    Dex: 16    Spells: 9/19 levels left

rFire    + . .     SeeInvis .   u - +0 war axe
rCold    . . .     Gourm    .   (no shield)
rNeg     . . .     Faith    .   a - +0 robe (curse)
rPois    .         Spirit   .   (no helmet)
rElec    .         Reflect  .   (no cloak)
rCorr    .         Harm     .   (no gloves)
MR       .....                  (no boots)
Stlth    +++.......             (no amulet)
HPRegen  0.19/turn              d - ring of protection from fire (curse)
MPRegen  0.15/turn              (no ring)

@: no status effects
A: distributed training, fangs 1, strong nose
a: Curse Item, Scrying, Renounce Religion


You were on level 6 of the Dungeon.
You worshipped Ashenzari.
Ashenzari was aware of your devotion.
You were not hungry.

You visited 1 branch of the dungeon, and saw 6 of its levels.

You collected 309 gold pieces.

Inventory:

Hand Weapons
 f - a +0 hand axe
 p - a +0 long sword of holy wrath
 u - a +0 war axe (weapon)
 B - a +2 flail of crushing
Missiles
 s - 177 stones (quivered)
 x - 11 tomahawks
 D - 4 silver tomahawks
Armour
 a - a cursed +0 robe (worn)
 r - a +0 plate armour
Jewellery
 d - a cursed ring of protection from fire (left hand)
 e - an uncursed amulet of the acrobat
Wands
 m - a wand of iceblast (6)
 y - a wand of polymorph (3)
Scrolls
 h - 2 scrolls of amnesia {unknown}
 l - a scroll of blinking {unknown}
 q - a scroll of teleportation {unknown}
 t - 2 scrolls of immolation {unknown}
 v - 3 scrolls of enchant armour {unknown}
 C - 3 scrolls of remove curse
Potions
 g - a potion of lignification {unknown}
 i - 2 potions of degeneration
 j - 2 potions of brilliance
 k - a potion of haste
 n - 2 potions of agility {unknown}
 o - a potion of resistance {unknown}
 w - a potion of mutation {unknown}
 A - 2 potions of curing
Books
 b - a book of Callings

   Spells                             Type                      Level
   a - Summon Small Mammal            Summoning                    1
   b - Call Imp                       Summoning                    2
   c - Call Canine Familiar           Summoning                    3
   d - Summon Guardian Golem          Hexes/Summoning              3
   e - Summon Lightning Spire         Summoning/Air                4
   f - Summon Ice Beast               Ice/Summoning                4
Comestibles
 c - 6 rations


   Skills:
 + Level 3.6 Fighting
 + Level 3.6 Short Blades
 + Level 3.6 Long Blades
 + Level 3.6 Axes
 + Level 3.6 Maces & Flails
 + Level 3.6 Polearms
 + Level 3.6 Staves
 + Level 3.6 Slings
 + Level 3.6 Bows
 + Level 3.6 Crossbows
 + Level 3.6 Throwing
 + Level 3.6 Armour
 + Level 5.9 Dodging
 + Level 5.6 Stealth
 + Level 3.6 Shields
 + Level 3.6 Unarmed Combat
 + Level 6.2 Spellcasting
 + Level 2.9 Conjurations
 + Level 2.9 Hexes
 + Level 2.9 Charms
 + Level 7.7 Summonings
 + Level 2.9 Necromancy
 + Level 2.9 Translocations
 + Level 2.9 Transmutations
 + Level 2.9 Fire Magic
 + Level 2.9 Ice Magic
 + Level 2.9 Air Magic
 + Level 2.9 Earth Magic
 + Level 2.9 Poison Magic
 + Level 4.0 Invocations
 + Level 3.6 Evocations


You had 9 spell levels left.
You knew the following spells:

 Your Spells              Type           Power        Failure   Level  Hunger
a - Summon Small Mammal   Summ           ####         1%          1    None
b - Call Canine Familiar  Summ           #####...     1%          3    ##.....
c - Call Imp              Summ           #####...     1%          2    None
e - Summon Lightning Spi  Summ/Air       ####....     11%         4    ####...


Dungeon Overview and Level Annotations

Branches:
Dungeon (6/15)             Temple (0/1) D:6

Altars:
Ashenzari
Cheibriados
Okawaru
Ru

Annotations:
D:5 2 runed doors


Innate Abilities, Weirdness & Mutations

Your experience applies equally to all skills.
You have very sharp teeth.
Your uncanny sense of smell can sniff out nearby items.


Message History

Your Invocations skill increases to level 4!
Your hound barely misses the ogre.
Your hound bites the ogre.
Your hound bites the ogre.
There is a stone staircase leading up here.
Your hound bites the ogre.
There is an open door here.
Casting: Call Canine Familiar (safe; 1% risk of failure)
Confirm with . or Enter, or press ? or * to list all spells.
A shadowy apparition takes form in the air.
The ogre hits you with a giant club!!
* * * LOW HITPOINT WARNING * * *
Your hound bites the ogre.
Your hound bites the ogre.
Your shadow imp completely misses the ogre.
Your shadow imp hits the ogre.
Your hound bites the ogre.
Your hound barely misses the ogre.
Your hound bites the ogre.
The ogre hits you with a giant club!
You die...

#.....#####..!.....# #.....#
#........+ ### #.....#
#........# ..# ∆ +.....#
#........# ..# ∆ ∆ #.[...#
#........# ..# #####.....#
#....†.†.+ .# #...#..h5.#
#.....)..#
.##+#####...#..O..#+###........#
.#..........#...@..............#
.##.........#..................#
.##.........#..................#
............#..................#
.##....##...'..........######'##
.##....##...#..........# ..
.##.........#..........#
.##....##...#..........#
.......###'##.........


You could see an ogre, a friendly hound and a friendly shadow imp.

Vanquished Creatures
  A phantom (D:5)
  A bullfrog (D:6)
  2 howler monkeys
  A centaur zombie (D:5)
  3 orc priests
  An iguana (D:6)
  A bullfrog skeleton (D:4)
  Terence (D:3)
  Natasha (D:3)
  A hound skeleton (D:4)
  An adder (D:4)
  A worm (D:5)
  A dart slug (D:4)
  3 leopard geckos
  4 orcs
  2 ball pythons (D:3)
  2 giant cockroaches
  6 goblins
  3 hobgoblins
  4 jackals
  6 kobolds
  A bat (D:3)
  2 frilled lizards
  A jackal skeleton (D:5)
  6 rats
56 creatures vanquished.

Vanquished Creatures (collateral kills)
  Grinder (D:3)
  A soldier ant (D:5)
  2 ice beasts (D:6)
  An orc warrior (D:6)
  A phantom (D:3)
  A centaur (D:5)
  The ghost of Yosebu the Slasher, an amateur MfGl (D:3)
  5 ogres
  A scorpion (D:4)
  2 crimson imps (D:5)
  6 orc wizards
  A bullfrog skeleton (D:5)
  4 orc priests
  Natasha (D:3)
  An iguana (D:5)
  7 worker ants
  A worker ant zombie (D:5)
  3 adders
  2 worms
  3 leopard geckos
  9 orcs
  A giant cockroach (D:4)
  3 goblins
  2 hobgoblins
  2 jackals
  2 bats
  A frilled lizard (D:3)
  2 kobolds (D:1)
67 creatures vanquished.

Grand Total: 123 creatures vanquished

Notes
Turn   | Place    | Note
-------+----------+-------------------------------------------
     0 | D:1      | varam the Gnoll Summoner began the quest for the Orb.
     0 | D:1      | Reached XP level 1. HP: 13/13 MP: 6/6
   207 | D:1      | Reached XP level 2. HP: 9/19 MP: 7/7
  1077 | D:2      | Reached XP level 3. HP: 12/25 MP: 7/9
  1119 | D:2      | Reached skill level 5 in Spellcasting
  1283 | D:2      | Noticed an ogre
  1307 | D:2      | Killed an ogre
  1307 | D:2      | Reached skill level 1 in Fighting
  1307 | D:2      | Reached skill level 1 in Short Blades
  1307 | D:2      | Reached skill level 1 in Long Blades
  1307 | D:2      | Reached skill level 1 in Axes
  1307 | D:2      | Reached skill level 1 in Maces & Flails
  1307 | D:2      | Reached skill level 1 in Polearms
  1307 | D:2      | Reached skill level 1 in Staves
  1307 | D:2      | Reached skill level 1 in Slings
  1307 | D:2      | Reached skill level 1 in Bows
  1307 | D:2      | Reached skill level 1 in Crossbows
  1307 | D:2      | Reached skill level 1 in Throwing
  1307 | D:2      | Reached skill level 1 in Armour
  1307 | D:2      | Reached skill level 1 in Shields
  1307 | D:2      | Reached skill level 1 in Unarmed Combat
  1307 | D:2      | Reached skill level 1 in Invocations
  1307 | D:2      | Reached skill level 1 in Evocations
  1307 | D:2      | Reached XP level 4. HP: 12/32 MP: 6/11
  1616 | D:2      | Found a sacrificial altar of Ru.
  1841 | D:3      | Noticed Grinder
  1872 | D:3      | Killed Grinder
  1872 | D:3      | Reached skill level 1 in Conjurations
  1872 | D:3      | Reached skill level 1 in Hexes
  1872 | D:3      | Reached skill level 1 in Charms
  1872 | D:3      | Reached skill level 1 in Necromancy
  1872 | D:3      | Reached skill level 1 in Translocations
  1872 | D:3      | Reached skill level 1 in Transmutations
  1872 | D:3      | Reached skill level 1 in Fire Magic
  1872 | D:3      | Reached skill level 1 in Ice Magic
  1872 | D:3      | Reached skill level 1 in Air Magic
  1872 | D:3      | Reached skill level 1 in Earth Magic
  1872 | D:3      | Reached skill level 1 in Poison Magic
  1872 | D:3      | Reached XP level 5. HP: 15/37 MP: 8/12
  1932 | D:3      | Noticed Yosebu's ghost (amateur MfGl)
  1940 | D:2      | Upgraded the game from 0.22-a0-147-gfdd7f25 to 0.22-a0-149-g870e420
  2213 | D:3      | Found a shattered altar of Ashenzari.
  2542 | D:3      | Noticed a phantom
  2585 | D:2      | Learned a level 3 spell: Call Canine Familiar
  2590 | D:2      | Learned a level 4 spell: Summon Lightning Spire
  2779 | D:3      | Killed a phantom
  2779 | D:3      | Reached skill level 2 in Invocations
  2779 | D:3      | Reached XP level 6. HP: 43/44 MP: 6/13
  2801 | D:3      | Became a worshipper of Ashenzari the Shackled
  3178 | D:3      | Noticed Terence
  3204 | D:3      | Killed Terence
  3260 | D:3      | Noticed Natasha
  3266 | D:3      | Killed Natasha
  3271 | D:3      | Upgraded the game from 0.22-a0-149-g870e420 to 0.22-a0-157-g169b76a
  3281 | D:3      | Killed Yosebu's ghost
  3281 | D:3      | Reached skill level 2 in Fighting
  3281 | D:3      | Reached skill level 2 in Short Blades
  3281 | D:3      | Reached skill level 2 in Long Blades
  3281 | D:3      | Reached skill level 2 in Axes
  3281 | D:3      | Reached skill level 2 in Maces & Flails
  3281 | D:3      | Reached skill level 2 in Polearms
  3281 | D:3      | Reached skill level 2 in Staves
  3281 | D:3      | Reached skill level 2 in Slings
  3281 | D:3      | Reached skill level 2 in Bows
  3281 | D:3      | Reached skill level 2 in Crossbows
  3281 | D:3      | Reached skill level 2 in Throwing
  3281 | D:3      | Reached skill level 2 in Armour
  3281 | D:3      | Reached skill level 5 in Dodging
  3281 | D:3      | Reached skill level 2 in Shields
  3281 | D:3      | Reached skill level 2 in Unarmed Combat
  3281 | D:3      | Reached skill level 2 in Evocations
  3431 | D:3      | Noticed Natasha
  3438 | D:3      | Killed Natasha
  3947 | D:4      | Reached XP level 7. HP: 50/50 MP: 13/15
  4150 | D:4      | Reached skill level 2 in Conjurations
  4150 | D:4      | Reached skill level 2 in Hexes
  4150 | D:4      | Reached skill level 2 in Charms
  4150 | D:4      | Reached skill level 2 in Necromancy
  4150 | D:4      | Reached skill level 2 in Translocations
  4150 | D:4      | Reached skill level 2 in Transmutations
  4150 | D:4      | Reached skill level 2 in Fire Magic
  4150 | D:4      | Reached skill level 2 in Ice Magic
  4150 | D:4      | Reached skill level 2 in Air Magic
  4150 | D:4      | Reached skill level 2 in Earth Magic
  4150 | D:4      | Reached skill level 2 in Poison Magic
  4634 | D:4      | Reached skill level 5 in Stealth
  4877 | D:4      | Found an iron altar of Okawaru.
  4984 | D:5      | Entered Level 5 of the Dungeon
  5001 | D:5      | Found a snail-covered altar of Cheibriados.
  5044 | D:5      | Learned a level 2 spell: Call Imp
  5179 | D:5      | HP: 5/51 [poisoned by a worker ant]
  5179 | D:5      | Reached skill level 3 in Invocations
  5187 | D:5      | HP: 5/51 [poisoned by a worker ant]
  5555 | D:5      | Reached XP level 8. HP: 57/57 MP: 12/16
  5725 | D:5      | Reached skill level 3 in Fighting
  5725 | D:5      | Reached skill level 3 in Short Blades
  5725 | D:5      | Reached skill level 3 in Long Blades
  5725 | D:5      | Reached skill level 3 in Axes
  5725 | D:5      | Reached skill level 3 in Maces & Flails
  5725 | D:5      | Reached skill level 3 in Polearms
  5725 | D:5      | Reached skill level 3 in Staves
  5725 | D:5      | Reached skill level 3 in Slings
  5725 | D:5      | Reached skill level 3 in Bows
  5725 | D:5      | Reached skill level 3 in Crossbows
  5725 | D:5      | Reached skill level 3 in Throwing
  5725 | D:5      | Reached skill level 3 in Armour
  5725 | D:5      | Reached skill level 3 in Shields
  5725 | D:5      | Reached skill level 3 in Unarmed Combat
  5725 | D:5      | Reached skill level 3 in Evocations
  5914 | D:5      | Found a runed door.
  5917 | D:5      | Found a runed gate.
  5935 | D:5      | Found a runed gate.
  5935 | D:5      | Found a runed gate.
  5944 | D:5      | Found a runed door.
  5948 | D:5      | Reached * piety under Ashenzari
  5951 | D:5      | Found the +9 staff of Olgreb {rPois}
  6090 | D:6      | Reached skill level 6 in Spellcasting
  6201 | D:6      | Found a staircase to the Ecumenical Temple.
  6730 | D:6      | Reached skill level 4 in Invocations
  6745 | D:6      | Slain by an ogre

Vault maps used:
D:1:      lemuel_arrival_hallway
D:2:      cheibrodos_old_hovel, nicolae_ru_path_of_blood
D:3:      nicolae_overflow_crystal_walls, uniq_terence, uniq_natasha,
          uniq_grinder
D:4:      kennysheep_mini_moat, first_ration
D:5:      slow_altar_1, minmay_guarded_unrand_staff_of_olgreb
D:6:      lemuel_doored_altar, minmay_temple_entry_overgrown

Skill      XL: |  1  2  3  4  5  6  7  8 |
---------------+-------------------------+-----
Spellcasting   | 5 6 |  6.2
Fighting       | 1 2 3 |  3.6
Short Blades   | 1 2 3 |  3.6
Long Blades    | 1 2 3 |  3.6
Axes           | 1 2 3 |  3.6
Maces & Flails | 1 2 3 |  3.6
Polearms       | 1 2 3 |  3.6
Staves         | 1 2 3 |  3.6
Slings         | 1 2 3 |  3.6
Bows           | 1 2 3 |  3.6
Crossbows      | 1 2 3 |  3.6
Throwing       | 1 2 3 |  3.6
Armour         | 1 2 3 |  3.6
Shields        | 1 2 3 |  3.6
Unarmed Combat | 1 2 3 |  3.6
Invocations    | 1 2 3 4 |  4.0
Evocations     | 1 2 3 |  3.6
Conjurations   | 1 2 |  2.9
Hexes          | 1 2 |  2.9
Charms         | 1 2 |  2.9
Necromancy     | 1 2 |  2.9
Translocations | 1 2 |  2.9
Transmutations | 1 2 |  2.9
Fire Magic     | 1 2 |  2.9
Ice Magic      | 1 2 |  2.9
Air Magic      | 1 2 |  2.9
Earth Magic    | 1 2 |  2.9
Poison Magic   | 1 2 |  2.9
Dodging        | 5 |  5.9
Stealth        | 5 |  5.6
Summonings     | |  7.7

Action                   |  1- 3 |  4- 6 |  7- 9 || total
-------------------------+-------+-------+-------++-------
Melee: Unarmed           |    13 |       |       ||    13
       Hand axe          |    44 |    27 |       ||    71
       Bite              |     3 |     8 |    16 ||    27
       Long sword        |       |    47 |    32 ||    79
       Punch             |       |     1 |     2 ||     3
       War axe           |       |       |    96 ||    96
Throw: Stone             |       |       |     2 ||     2
 Cast: Summon Small Mamm |    18 |    25 |     5 ||    48
       Call Canine Famil |       |     6 |    24 ||    30
       Summon Lightning  |       |     4 |     7 ||    11
       Call Imp          |       |       |    11 ||    11
Invok: Curse Item        |       |       |     2 ||     2
  Use: Potion            |       |     4 |     1 ||     5
 Stab: Sleeping          |     6 |     6 |     3 ||    15
       Distracted        |       |     3 |     5 ||     8
  Eat: Chunk             |     1 |     5 |    12 ||    18
       Ration            |       |     1 |       ||     1
Armor: Robe              |     6 |    11 |    13 ||    30
Dodge: Dodged            |    58 |    69 |   132 ||   259
       Rpst.: Long sword |       |     9 |     3 ||    12

Table legend:
 A = Spawn XP
 B = Non-spawn XP
 C = Spawn XP percentage of total XP
 D = Spawn monster count
 E = Non-spawn monster count
 F = Spawn count percentage of total count
 G = Total turns spent on level
                    A         B        C        D         E        F      G
               +---------+---------+-------+---------+---------+-------+---------
         Total |       0 |    2221 |   0.0 |       0 |     123 |   0.0 |  6745
               +---------+---------+-------+---------+---------+-------+---------
           D:1 |       0 |      21 |   0.0 |       0 |      14 |   0.0 |   880
           D:2 |       0 |      89 |   0.0 |       0 |      16 |   0.0 |  1857
           D:3 |       0 |     422 |   0.0 |       0 |      23 |   0.0 |   770
           D:4 |       0 |     482 |   0.0 |       0 |      26 |   0.0 |  1477
           D:5 |       0 |     722 |   0.0 |       0 |      27 |   0.0 |  1328
           D:6 |       0 |     485 |   0.0 |       0 |      17 |   0.0 |   433
               +---------+---------+-------+---------+---------+-------+---------
